Map: Year Zero LE

Players

Kelazhur

  • Race: Terran Terran
  • Spawn Location: 11:00

Serral - Winner!

  • Race: Zerg Zerg
  • Spawn Location: 1:00

Event: 2019 WCS Spring

VOD

Have the link to the VOD?

Description

Time

  • Played on: May 17, 2019, 2:26 p.m.
  • Length: 19:59

All games in this series

Show
View Real Time Build Order
Export as new Build Order

Kelazhur Terran 

Build Orders: Command Center First (CC) 

Get SALT Encoding   

  12  0:00  SCV  
  13  0:12  SCV  
  14  0:17  Supply Depot  
  14  0:24  SCV  
  15  0:39  SCV  
  16  0:51  SCV  
  17  1:00  Command Center  
  17  1:03  SCV  
  18  1:14  Barracks  
  18  1:17  SCV  
  19  1:25  Refinery  
  19  1:29  SCV  
  19  1:31  Refinery  
  20  1:42  SCV  
  22  2:01  Reaper, Orbital Command  
  22  2:11  Orbital Command  
  22  2:20  Factory  
  22  2:26  SCV  
  23  2:34  Barracks Reactor  
  23  2:39  SCV x2  
  25  2:51  SCV x2  
  27  2:53  Supply Depot  
  27  3:03  SCV x2  
  27  3:05  Refinery  
  29  3:07  Starport  
  29  3:12  Supply Depot  
  29  3:14  Hellion x2  
  29  3:15  SCV  
  29  3:17  SCV  
  35  3:20  Marine  
  36  3:27  SCV  
  36  3:29  SCV  
  38  3:37  Hellion x2  
  38  3:39  SCV  
  43  3:41  SCV, Supply Depot  
  43  3:48  Starport  
  44  3:51  SCV  
  44  3:53  Fusion Core  
  44  3:55  SCV  
  46  3:57  Starport Tech Lab  
  49  4:05  Refinery  
  49  4:09  SCV x2  
  47  4:15  Viking  
  49  4:21  SCV  
  49  4:23  SCV  
  51  4:25  Supply Depot  
  51  4:27  Rapid Reignition System, Supply Depot  
  51  4:33  SCV  
  51  4:35  SCV  
  54  4:45  SCV  
  54  4:48  SCV  
  55  4:53  Starport Tech Lab, Supply Depot  
  55  4:56  Battlecruiser  
  55  4:57  SCV  
  62  5:00  SCV  
  63  5:09  SCV  
  63  5:13  Battlecruiser  
  70  5:15  SCV  
  70  5:17  Supply Depot  
  70  5:19  Command Center  
  71  5:22  Weapon Refit  
  71  5:35  SCV x2  
  73  5:37  Hellion x2, Supply Depot  
  73  5:42  Supply Depot  
  77  5:51  SCV  
  77  5:52  SCV  
  79  6:00  Supply Depot  
  79  6:01  Battlecruiser  
  79  6:03  Hellion x2  
  89  6:07  SCV x2  
  91  6:17  Battlecruiser  
  97  6:19  SCV  
  98  6:37  SCV x2, Orbital Command  
  100  6:42  Factory  
  100  6:44  Factory  
  100  6:46  Hellion x2  
  104  6:47  Supply Depot  
  104  6:50  Armory  
  104  6:56  SCV  
  104  6:57  Supply Depot  
  104  6:58  SCV  
  110  7:08  Hellion x2  
  110  7:09  SCV  
  110  7:10  SCV, Orbital Command  
  112  7:24  SCV  
  112  7:28  Engineering Bay, Factory Tech Lab x2  
  107  7:31  SCV  
  107  7:36  SCV  
  103  7:42  Hellion  
  103  7:43  SCV, Hellion  
  102  7:45  SCV  
  102  7:48  SCV  
  104  7:51  Supply Depot  
  104  7:52  Supply Depot  
  104  7:55  Missile Turret, Cyclone x2, Mag-Field Accelerator  
  110  7:58  Missile Turret  
  110  8:00  SCV x2, Missile Turret  
  110  8:01  SCV, Factory  
  110  8:02  Factory  
  113  8:06  Refinery x2  
  113  8:09  Command Center  
  113  8:10  Hellion  
  115  8:14  Terran Vehicle Weapons Level 1  
  115  8:15  Hellion  
  117  8:22  Supply Depot  
  117  8:27  Cyclone x2  
  123  8:34  Infernal Pre-Igniter  
  123  8:41  Armory  
  123  8:45  Hellion x2  
  123  8:51  Factory Reactor, Factory Tech Lab  
  123  8:54  Supply Depot  
  123  8:58  SCV  
  123  8:59  SCV, Cyclone x2  
  131  9:06  Supply Depot  
  131  9:14  Hellion x2  
  131  9:15  Cyclone  
  138  9:17  Liberator x2  
  138  9:19  Supply Depot  
  144  9:31  Hellion  
  144  9:32  Hellion x2  
  144  9:35  Cyclone  
  144  9:38  SCV x2  
  155  9:42  SCV  
  156  9:47  Cyclone  
  156  9:48  Hellion x2  
  161  9:53  Hellion, Cyclone, Factory  
  161  9:55  Missile Turret, Factory x2  
  161  9:58  Terran Vehicle And Ship Armor Level 1  
  162  10:08  Cyclone, Liberator  
  162  10:09  Hellion  
  167  10:17  Planetary Fortress  
  167  10:18  SCV, Refinery  
  167  10:19  SCV, Cyclone  
  167  10:20  Refinery  
  175  10:41  Cyclone  
  178  10:47  Hellion  
  178  10:48  Hellion x3  
  186  10:52  Cyclone x2  
  189  10:59  SCV  
  189  11:03  Terran Vehicle Weapons Level 2  
  188  11:06  Factory Reactor, Factory Tech Lab x2  
  188  11:11  SCV x2  
  190  11:12  SCV, Missile Turret  
  190  11:13  Command Center  
  191  11:23  Cyclone  
  191  11:24  Cyclone  
  197  11:30  Cyclone x2  
  197  11:36  Hellion  
  190  11:55  Liberator x2  
  170  12:09  Cyclone x3  
  170  12:11  Cyclone x2  
  170  12:12  Hellion  
  184  12:20  Terran Vehicle And Ship Armor Level 2  
  171  12:35  Hellion x3  
  171  12:36  Hellion x3  
  176  12:40  Starport  
  176  12:41  Starport, Cyclone x2  
  180  12:47  Cyclone  
  180  12:48  Cyclone x2, Liberator x2  
  189  12:57  Hellion  
  188  13:09  Hellion  
  188  13:10  Hellion  
  194  13:13  Cyclone  
  137  13:34  Cyclone x4  
  137  13:35  Hellion x4  
  137  13:36  Hellion x2  
  137  13:40  Advanced Ballistics  
  147  13:45  Cyclone  
  147  13:46  Command Center  
  147  13:51  Terran Vehicle Weapons Level 3  
  147  13:56  Hellion  
  147  13:57  Hellion  
  147  14:01  Hellion x3  
  157  14:06  Cyclone x2  
  157  14:15  Cyclone x2, Command Center  
  161  14:17  Cyclone  
  160  14:25  Hellion  
  160  14:26  Hellion x3  
  154  14:34  Planetary Fortress  
  154  14:45  Hellion x2, Cyclone x2  
  164  14:47  Cyclone  
  152  15:00  Cyclone  
  152  15:04  Cyclone  
  122  15:15  Hellion x2  
  122  15:17  Cyclone  
  122  15:19  Cyclone  
  122  15:21  Hellion x3  
  129  15:32  Cyclone  
  132  15:39  Cyclone  
  132  15:41  Hellion x3  
  132  15:42  Hellion  
  133  15:44  Banshee  
  133  15:46  Banshee  
  133  15:49  Cyclone  
  142  15:55  Hellion  
  144  15:58  Missile Turret  
  144  16:00  Hellion  
  144  16:02  Hellion  
  103  16:12  Cyclone x3  
  103  16:16  SCV x2, Orbital Command  
  110  16:22  Planetary Fortress  
  110  16:26  Refinery x2  
  110  16:28  SCV  
  108  16:40  Hyperflight Rotors, Banshee x2  
  108  16:42  Cloaking Field  
  114  16:49  Hellion  
  114  16:50  Hellion x2  
  118  17:09  Cyclone x4  
  118  17:11  SCV  
  131  17:23  SCV  
  131  17:24  Hellion x5  
  131  17:28  Orbital Command  
  143  17:30  SCV x2  
  143  17:35  SCV  
  139  17:40  Hellion  
  139  17:42  SCV x2  
  143  17:47  Cyclone  
  143  17:48  Cyclone x3  
  155  18:00  Hellion  
  157  18:06  Hellion x2  
  157  18:07  Missile Turret  
  157  18:09  Missile Turret  
  161  18:18  Command Center  
  161  18:19  Cyclone  
  164  18:24  Cyclone  
  158  18:31  Orbital Command  
  134  18:38  Hellion  
  134  18:39  Cyclone x2  
  134  18:41  Hellion  
  119  18:52  Cyclone  
  115  18:58  Orbital Command  
  115  19:02  Hellion, Sensor Tower  
  120  19:04  Hellion x2  
  120  19:08  Hellion  
  120  19:09  Hellion  
  124  19:30  Hellion  
  124  19:31  Hellion x5  
  142  19:46  Missile Turret  
Show
View Real Time Build Order
Export as new Build Order

Serral Zerg - Winner!

Build Orders: Hatch First, Swarm Host 

Get SALT Encoding   

  12  0:00  Drone  
  13  0:13  Overlord  
  13  0:17  Drone  
  14  0:31  Drone x2  
  16  0:50  Hatchery  
  16  0:53  Drone  
  16  0:56  Drone  
  17  0:59  Drone  
  18  1:11  Extractor  
  17  1:15  Spawning Pool  
  16  1:19  Drone  
  16  1:22  Drone  
  18  1:28  Drone  
  19  1:39  Drone  
  20  1:50  Drone  
  21  2:02  Queen, Zergling x2  
  21  2:03  Queen, Zergling x2  
  27  2:18  Hatchery  
  26  2:25  Overlord  
  26  2:28  Drone x2  
  28  2:32  Metabolic Boost  
  28  2:43  Drone x3  
  31  2:49  Queen  
  33  2:53  Overlord  
  33  2:58  Drone  
  34  2:59  Drone  
  34  3:02  Drone  
  36  3:12  Drone x2  
  38  3:15  Drone x3  
  38  3:18  Drone  
  42  3:21  Drone  
  43  3:28  Overlord  
  43  3:31  Queen  
  45  3:35  Queen  
  45  3:38  Drone  
  45  3:39  Drone x2  
  50  3:44  Overlord  
  50  3:47  Zergling x4  
  52  3:48  Drone  
  52  3:49  Drone  
  52  3:54  Overlord  
  52  3:55  Zergling x2  
  55  3:58  Drone  
  55  3:59  Drone  
  55  4:00  Drone  
  58  4:03  Drone x3  
  58  4:08  Baneling Nest  
  60  4:14  Overlord  
  60  4:15  Queen  
  62  4:18  Lair  
  62  4:21  Zergling x2  
  62  4:22  Zergling x2  
  64  4:24  Drone  
  64  4:27  Overlord  
  64  4:29  Drone x3  
  68  4:34  Overlord  
  68  4:35  Drone  
  68  4:38  Drone  
  70  4:40  Overlord  
  70  4:43  Drone x3  
  73  4:49  Extractor x2, Drone x3  
  73  4:50  Queen  
  75  4:56  Queen  
  75  4:59  Zergling x4  
  79  5:00  Baneling x3, Drone  
  79  5:01  Drone  
  79  5:03  Overlord  
  79  5:05  Drone x2  
  83  5:07  Baneling  
  83  5:09  Extractor  
  83  5:10  Extractor, Zergling x2  
  83  5:12  Drone x2  
  84  5:14  Spore Crawler  
  84  5:15  Spore Crawler  
  84  5:18  Spore Crawler  
  81  5:27  Spire  
  81  5:28  Zergling x4  
  81  5:34  Queen  
  81  5:35  Queen x2  
  86  5:38  Drone x3  
  86  5:40  Drone  
  91  5:43  Extractor, Drone  
  91  5:45  Overlord  
  91  5:47  Drone  
  91  5:48  Baneling x2  
  92  5:51  Drone x2  
  92  5:54  Drone x2  
  92  5:55  Drone  
  97  6:01  Evolution Chamber, Zergling x2  
  97  6:02  Overseer  
  97  6:03  Evolution Chamber  
  96  6:05  Drone x3  
  99  6:15  Drone  
  99  6:16  Drone  
  99  6:17  Zergling x6  
  104  6:19  Overlord  
  104  6:20  Overlord  
  104  6:24  Overlord  
  104  6:36  Drone  
  104  6:45  Corruptor x6  
  116  6:53  Corruptor x3  
  122  6:57  Spore Crawler, Drone  
  122  7:00  Overlord x2  
  122  7:07  Corruptor x2  
  117  7:27  Drone x2  
  114  7:30  Zerg Melee Weapons Level 1, Zerg Missile Weapons Level 1  
  114  7:36  Zergling x2  
  114  7:37  Zergling x10  
  119  7:45  Overlord x2  
  119  7:46  Roach Warren  
  118  7:54  Hatchery  
  117  8:00  Infestation Pit, Drone  
  117  8:01  Centrifical Hooks  
  117  8:03  Zerg Flyer Weapons Level 1  
  117  8:05  Queen x2  
  117  8:06  Queen  
  117  8:08  Baneling  
  117  8:09  Baneling x2, Drone x4  
  117  8:10  Drone  
  128  8:13  Drone  
  128  8:14  Drone x2  
  128  8:17  Drone  
  128  8:18  Drone x3  
  135  8:26  Drone x3  
  138  8:27  Glial Reconstitution  
  138  8:31  Roach x3  
  143  8:36  Spore Crawler  
  143  8:38  Roach x4  
  143  8:39  Roach  
  151  8:47  Roach  
  151  8:48  Roach x3  
  156  8:54  Drone, Spine Crawler  
  156  8:56  Spine Crawler  
  156  9:02  Ravager x8  
  162  9:05  Overlord x3  
  162  9:06  Overlord  
  162  9:11  Overlord x2  
  157  9:23  Hatchery  
  155  9:31  Swarm Host x7  
  155  9:34  Swarm Host  
  179  9:38  Nydus Network, Drone  
  179  9:44  Zerg Missile Weapons Level 2  
  179  9:45  Zerg Ground Armor Level 1  
  179  9:49  Extractor  
  179  9:50  Extractor  
  177  9:53  Drone x3  
  177  9:54  Drone x3  
  177  9:57  Swarm Host x2  
  177  9:58  Swarm Host  
  177  9:59  Swarm Host  
  191  10:03  Baneling x3  
  188  10:07  Zergling x16  
  196  10:17  Nydus Canal  
  196  10:18  Infestor  
  198  10:24  Hive  
  198  10:37  Spore Crawler x2  
  198  10:39  Extractor, Infestor, Spine Crawler  
  198  10:42  Zergling x14  
  200  10:43  Extractor  
  199  11:01  Baneling x12  
  199  11:02  Baneling x14  
  199  11:09  Burrow  
  199  11:10  Drone  
  200  11:15  Spine Crawler x2  
  200  11:16  Zerg Flyer Armor Level 1, Pathogen Glands  
  200  11:17  Spine Crawler  
  197  11:20  Drone x3  
  197  11:22  Spine Crawler x2  
  197  11:23  Spore Crawler  
  192  11:59  Roach x4  
  195  12:07  Nydus Canal  
  184  12:09  Roach x2, Zergling x20  
  184  12:12  Drone x3  
  196  12:16  Drone x3  
  196  12:26  Zergling x8  
  200  12:35  Nydus Canal  
  195  12:43  Spire  
  194  12:47  Baneling x3  
  194  12:48  Baneling x2  
  194  12:49  Nydus Canal  
  193  12:51  Zergling x14  
  199  13:12  Hatchery  
  189  13:25  Infestor  
  190  13:32  Roach x3, Zergling x38  
  194  13:34  Zergling x14  
  194  13:40  Queen  
  200  13:45  Infestor  
  200  13:46  Infestor  
  200  13:47  Zerg Ground Armor Level 2, Zerg Missile Weapons Level 3  
  200  13:56  Baneling x7  
  200  13:57  Baneling x13  
  200  13:58  Zerg Flyer Weapons Level 2  
  200  14:00  Greater Spire  
  191  14:27  Drone x10  
  191  14:29  Zergling x2  
  191  14:30  Zergling x4  
  197  14:41  Zergling x6  
  190  14:55  Zergling x30  
  193  15:01  Zergling x16  
  191  15:07  Zergling x2  
  191  15:08  Zergling x20  
  186  15:15  Roach x3, Zergling x14  
  185  15:22  Roach x5  
  185  15:24  Baneling x12  
  185  15:28  Drone x5  
  193  15:36  Nydus Canal  
  193  15:41  Ravager  
  186  15:45  Nydus Canal  
  186  15:48  Roach x7  
  181  16:04  Roach x2, Zergling x2  
  181  16:05  Zergling x28  
  181  16:06  Zerg Melee Weapons Level 2  
  199  16:23  Baneling x5  
  199  16:24  Zerg Flyer Weapons Level 3, Baneling x5  
  199  16:25  Zerg Flyer Armor Level 2  
  199  16:28  Baneling  
  199  16:29  Ravager  
  199  16:30  Ravager x3, Baneling x7  
  199  16:36  Nydus Canal  
  190  16:44  Zergling x18  
  199  16:47  Baneling x2  
  199  16:51  Nydus Canal  
  199  17:00  Pneumatized Carapace  
  193  17:01  Overseer x3  
  193  17:03  Corruptor  
  193  17:04  Corruptor x2  
  193  17:06  Infestor  
  199  17:28  Spore Crawler  
  198  17:30  Spore Crawler  
  197  17:37  Infestor  
  197  17:43  Hatchery  
  198  17:44  Baneling x10  
  192  18:03  Zergling x20  
  199  18:23  Baneling x12  
  199  18:33  Zergling x18  
  178  18:41  Zergling x20  
  178  18:42  Zergling x16  
  178  18:45  Zergling x18  
  198  18:58  Baneling x13  
  198  18:59  Baneling x9, Overseer  
  198  19:00  Overseer  
  198  19:10  Infestor  
  198  19:16  Baneling  
  198  19:17  Baneling x10  
  199  19:18  Baneling x3  
  199  19:19  Baneling x5  
  194  19:26  Baneling x6  
  194  19:27  Zergling x10  
  199  19:36  Baneling x13  
Tags
 
Add a new tag
Caveats
  • Supply blocks, unpowered buildings, or Contaminate may cause inaccurate times.
  • Supply counts are checked every 10 seconds.